 Dungeon Crawl Stone Soup version 0.29.1-13-g9f3cf754e1 (webtiles) character file.

Game seed: 12223113610691081250

91 nshep25 the Trooper (level 4, -5/36 HPs)
             Began as a Demonspawn Monk on Jan 24, 2023.
             Slain by a hobgoblin
             ... wielding the +4 mace "Buxiqed" {vorpal, Int+4}
              (7 damage)
             ... on level 3 of the Dungeon.
             The game lasted 00:04:23 (3254 turns).

nshep25 the Trooper (Demonspawn Monk)               Turns: 3254, Time: 00:04:24

Health: -5/36      AC:  3    Str: 11    XL:     4   Next: 34%
Magic:  4/4        EV: 13    Int: 13    God:
Gold:   150        SH:  0    Dex: 18    Spells: 3/3 levels left

rFire   . . .      SeeInvis .   a - +0 falchion
rCold   . . .      Faith    .   (no shield)
rNeg    . . .      Spirit   .   h - +0 leather armour
rPois   .          Reflect  .   (no helmet)
rElec   .          Harm     .   (no cloak)
rCorr   .          Rampage  .   (no gloves)
Will    .....                   (no boots)
Stlth   ++........              (no amulet)
HPRegen 0.12/turn               (no ring)
MPRegen 0.09/turn               (no ring)

@: no status effects
A: demonic guardian 1, big brain 1
a: no special abilities


You were on level 3 of the Dungeon.
You visited 1 branch of the dungeon, and saw 3 of its levels.

You collected 150 gold pieces.

Inventory:

Hand Weapons
 a - a +0 falchion (weapon)
 p - a +0 rapier
Missiles
 l - 8 poisoned darts (quivered)
 v - 6 atropa-tipped darts
Armour
 b - a +0 robe
 h - a +0 leather armour (worn)
 i - a +0 ring mail
 o - a +0 ring mail
Scrolls
 e - a scroll of fear {unknown}
 f - 6 scrolls of identify {unknown}
 g - 2 scrolls of teleportation {unknown}
 j - a scroll of acquirement {unknown}
 m - a scroll of enchant armour {unknown}
 t - 2 scrolls of silence {unknown}
 u - a scroll of immolation {unknown}
 w - a scroll of magic mapping {unknown}
Potions
 c - a potion of ambrosia
 d - 2 potions of brilliance {unknown}
 k - a potion of haste {unknown}
 n - a potion of curing {unknown}
 q - a potion of lignification {unknown}
 r - a potion of cancellation {unknown}
 s - a potion of degeneration {unknown}


   Skills:
 + Level 3.6 Fighting
 + Level 3.4 Long Blades
 + Level 1.0 Armour
 + Level 3.0 Dodging
 + Level 2.4 Stealth


You had 3 spell levels left.
You didn't know any spells.
Your spell library contained the following spells:

 Spells                   Type           Power      Damage    Failure   Level
 Shock                    Conj/Air       0%         1d3       38%         1
 Scorch                   Fire           0%         2d5       52%         2
 Dazzling Flash           Conj/Hex       0%         N/A       77%         3
 Frozen Ramparts          Ice            0%         1d1       77%         3
 Swiftness                Air            0%         N/A       77%         3
 Airstrike                Air            0%         2d(0-16)  99%         4
 Flame Wave               Conj/Fire      0%         2d4       99%         4
 Ice Form                 Ice/Tmut       0%         N/A       99%         4
 Iskenderun's Mystic Bla  Conj/Tloc      0%         2d3       99%         4
 Summon Ice Beast         Ice/Summ       0%         N/A       99%         4
 Starburst                Conj/Fire      0%         6d3       100%        6
 Summon Cactus Giant      Summ           0%         N/A       100%        6


Dungeon Overview and Level Annotations

Branches:
Dungeon (3/15)

Altars:
Vehumet


Innate Abilities, Weirdness & Mutations

A weak demonic guardian rushes to your aid.
You have an unusually large brain. (Int +2)


Message History

The adder is almost dead.
The adder bites you.
You barely miss the adder.
The adder is almost dead.
The adder bites you. The adder closely misses you.
You slash the adder!
You kill the adder!
Your Armour skill increases to level 1!
You see here an adder corpse.
You start resting.
HP restored.
You see here an adder corpse.
w - a scroll labelled IQA ZEUNUOPN As you open the door, it creaks loudly!
There is an open door here.
You open the door.
There is an open door here.
You now have 150 gold pieces (gained 18).
A hobgoblin comes into view.
It is wielding the +4 mace "Buxiqed" {vorpal, Int+4} and carrying a wand of flame (22).
The hobgoblin shouts!
The hobgoblin zaps a wand.
The puff of flame hits you.
The hobgoblin zaps a wand.
The puff of flame hits you!
You barely miss the hobgoblin.
The hobgoblin hits you with the +4 mace "Buxiqed" {vorpal, Int+4}!
The hobgoblin barely misses you.
You hit the hobgoblin.
The hobgoblin is almost dead.
The hobgoblin drinks a potion.
The hobgoblin is healed!
You closely miss the hobgoblin.
The hobgoblin hits you with the +4 mace "Buxiqed" {vorpal, Int+4}.
* * * LOW HITPOINT WARNING * * *
x2 You closely miss the hobgoblin.
The hobgoblin hits you with the +4 mace "Buxiqed" {vorpal, Int+4}.
* * * LOW HITPOINT WARNING * * *
A demonic guardian appears!
* * * LOW HITPOINT WARNING * * *
You hit the hobgoblin but do no damage. The hobgoblin barely misses you.
You closely miss the hobgoblin.
The hobgoblin hits you with the +4 mace "Buxiqed" {vorpal, Int+4}!
You die...

...# ##.# ####### #.# #.....# #
##.# #### ### #.....#####...
##.# #.. ..####...........#
.#.# #.# #.##.........#
...###.######.##.#.....#.#
...........##.##5###.###.#
...###.###.##.##@# #.###.# ####
#.# #.##.##g# #.....# #
#.###..#.##.# ####..# ##
#........##.# #..# .##
######.####.######..# ..##
###.# #.........# ...## ##.#.#
########.#####
....####....########........#
....'.......................'..


You could see a hobgoblin (ally target) and a friendly iron imp (summoned).

Vanquished Creatures
  4 adders
  2 worms (D:2)
  A dart slug (D:2)
  An orc (D:3)
  5 ball pythons
  5 endoplasms
  3 giant cockroaches
  3 hobgoblins
  3 kobolds (D:1)
  2 quokkas
  3 bats (D:1)
  3 frilled lizards
  4 goblins
  6 rats
45 creatures vanquished.

Vanquished Creatures (collateral kills)
  2 bats
2 creatures vanquished.

Grand Total: 47 creatures vanquished

Notes
Turn   | Place    | Note
-------+----------+-------------------------------------------
     0 | D:1      | nshep25 the Demonspawn Monk began the quest for the Orb.
     0 | D:1      | Reached XP level 1. HP: 18/18 MP: 1/1
   282 | D:1      | Gained mutation: A weak demonic guardian rushes to your
                  | aid. [demonic ancestry]
   282 | D:1      | Reached XP level 2. HP: 24/24 MP: 2/2
  1370 | D:2      | Reached XP level 3. HP: 29/29 MP: 3/3
  1395 | D:2      | Found a radiant altar of Vehumet.
  2663 | D:3      | Gained mutation: You have an unusually large brain. (Int
                  | +2) [demonic ancestry]
  2663 | D:3      | Reached XP level 4. HP: 35/35 MP: 4/4
  2905 | D:3      | Reached skill level 1 in Armour
  3238 | D:3      | Identified the +4 mace "Buxiqed" {vorpal, Int+4}
  3254 | D:3      | Slain by a hobgoblin

Illustrated notes

Levels and vault maps discovered:
D:1:      dpeg_arrival_boxes_within_box, layout_loops_ring, minmay_tetromino_t2
D:2:      cheibrodos_old_hovel, layout_basic, basic_altar, eino_tiny_chamber
D:3:      layout_loops_corners, nicolae_wu_jian_immortal_techniques

Skill      XL: |  1  2  3  4 |
---------------+-------------+-----
Stealth        | 2 |  2.4
Long Blades    | 3 |  3.4
Dodging        | 3 |  3.0
Armour         | 1 |  1.0
Fighting       | |  3.6

Action                   |  1- 3 |  4- 6 || total
-------------------------+-------+-------++-------
Melee: Falchion          |   139 |    38 ||   177
       Punch             |     1 |       ||     1
 Stab: Sleeping          |    10 |     1 ||    11
Armor: Robe              |    18 |       ||    18
       Leather armour    |    28 |     6 ||    34
Dodge: Dodged            |   109 |    20 ||   129
